Map: 윈터스 게이트 - 래더

Players

IlIllIllIllI

  • Race: Protoss Protoss
  • League: Grandmaster
  • Spawn Location: 11:00

llllllllllll - Winner!

  • Race: Terran Terran
  • League: Grandmaster
  • Spawn Location: 5:00

VOD

Have the link to the VOD?

Description

Time

  • Played on: Sept. 16, 2019, 4:28 a.m.
  • Length: 8:46
Show
View Real Time Build Order
Export as new Build Order

IlIllIllIllI Protoss 

Build Orders: 1 Gate Expand 

Get SALT Encoding   

  12  0:00  Probe  
  13  0:12  Probe  
  14  0:17  Pylon  
  14  0:24  Probe (Chrono Boost)  
  15  0:37  Gateway, Probe (Chrono Boost)  
  16  0:45  Probe (Chrono Boost)  
  16  0:47  Assimilator  
  17  0:51  Probe  
  18  1:03  Probe  
  19  1:15  Probe  
  20  1:25  Cybernetics Core  
  20  1:34  Nexus  
  20  1:44  Pylon  
  20  1:46  Probe  
  21  1:49  Assimilator  
  21  2:00  Pylon, Adept (Chrono Boost)  
  21  2:05  Warp Gate  
  23  2:08  Probe  
  24  2:20  Probe  
  24  2:21  Adept (Chrono Boost)  
  27  2:32  Robotics Facility  
  27  2:38  Probe  
  27  2:58  Probe  
  28  3:00  Robotics Facility  
  28  3:03  Assimilator  
  28  3:05  Probe  
  29  3:10  Probe  
  30  3:16  Immortal (Chrono Boost)  
  30  3:17  Probe  
  35  3:25  Probe  
  34  3:42  Probe x2  
  34  3:45  Warp Prism (Chrono Boost)  
  39  3:53  Observer (Chrono Boost)  
  39  3:59  Probe x2  
  41  4:02  Gateway  
  41  4:03  Gateway  
  41  4:17  Immortal  
  45  4:26  Adept  
  45  4:31  Immortal  
  51  4:46  Probe x2  
  51  4:49  Twilight Council  
  53  4:55  Observer  
  53  4:58  Probe  
  54  5:00  Pylon  
  54  5:10  Pylon  
  54  5:11  Pylon  
  54  5:19  Immortal x2  
  61  5:24  Resonating Glaives (Chrono Boost)  
  61  5:30  Pylon  
  61  5:31  Stalker  
  61  5:32  Adept  
  65  5:36  Adept  
  65  5:39  Probe x2  
  69  5:53  Adept  
  69  5:54  Adept  
  69  5:56  Adept  
  71  6:18  Warp Prism (Chrono Boost)  
  59  6:21  Probe x2  
  61  6:26  Observer (Chrono Boost)  
  61  6:30  Assimilator, Nexus  
  62  6:33  Adept x3  
  68  6:40  Pylon  
  68  6:44  Observer (Chrono Boost)  
  69  6:54  Adept x3  
  73  7:06  Gateway x2  
  73  7:10  Gateway  
  73  7:11  Gateway, Probe x2  
  73  7:12  Gateway  
  75  7:27  Adept x3  
  49  7:47  Probe x2  
  45  8:01  Pylon  
  45  8:05  Adept  
  45  8:06  Adept x6  
  45  8:07  Adept  
  61  8:26  Adept x7  
  75  8:27  Adept  
Show
View Real Time Build Order
Export as new Build Order

llllllllllll Terran - Winner!

Build Orders: Reaper Expand 

Get SALT Encoding   

  12  0:00  SCV  
  13  0:12  SCV  
  14  0:16  Supply Depot  
  14  0:25  SCV  
  15  0:38  SCV  
  15  0:39  Barracks  
  16  0:43  Refinery  
  16  0:50  SCV  
  17  1:02  SCV  
  18  1:14  SCV  
  19  1:27  Orbital Command, Reaper  
  20  1:43  Command Center  
  20  1:54  Supply Depot, SCV  
  20  1:59  Marine  
  22  2:06  SCV  
  23  2:10  Factory  
  23  2:19  SCV  
  23  2:20  Bunker  
  24  2:23  Barracks Reactor  
  24  2:31  Refinery, SCV  
  25  2:43  SCV  
  26  2:55  Orbital Command  
  26  2:57  Widow Mine  
  26  2:59  SCV  
  26  3:01  Marine x2  
  29  3:07  Starport  
  29  3:11  SCV  
  30  3:19  Factory Tech Lab  
  30  3:21  Marine x2  
  30  3:26  SCV x2  
  34  3:34  Supply Depot  
  34  3:38  Siege Tank  
  34  3:40  SCV  
  37  3:44  SCV  
  37  3:45  Marine x2  
  40  3:50  Viking  
  40  3:54  SCV  
  41  3:56  SCV  
  41  4:02  Bunker  
  42  4:04  Marine x2  
  42  4:07  SCV  
  45  4:11  Supply Depot  
  45  4:13  Siege Tank  
  48  4:19  SCV x2  
  50  4:25  Marine x2  
  50  4:30  Supply Depot  
  52  4:31  SCV  
  52  4:33  Medivac  
  52  4:35  SCV  
  56  4:43  SCV  
  57  4:48  Marine x2  
  57  4:49  Barracks  
  57  4:50  Barracks  
  59  4:54  Siege Tank  
  59  4:57  SCV x2  
  59  4:59  Refinery  
  64  5:08  Viking, Marine  
  64  5:09  SCV, Marine  
  64  5:13  SCV  
  70  5:21  Supply Depot  
  70  5:23  Supply Depot, Engineering Bay  
  70  5:37  Supply Depot  
  70  5:40  Barracks Tech Lab x2, Refinery  
  70  5:42  Siege Tank, SCV x2, Marine x2  
  77  5:51  Starport Reactor  
  77  5:52  Supply Depot  
  77  5:55  SCV x2  
  79  5:58  Supply Depot  
  79  5:59  Marine x2  
  79  6:03  Supply Depot  
  81  6:07  Stimpack, SCV x2  
  81  6:08  Marine  
  75  6:19  SCV  
  75  6:21  Marine  
  75  6:22  Marauder x2  
  80  6:30  Bunker  
  80  6:33  Terran Infantry Weapons Level 1  
  80  6:34  Marine  
  80  6:38  Medivac  
  83  6:40  SCV x2  
  83  6:44  Marine  
  83  6:45  Supply Depot  
  83  6:46  Marauder, Concussive Shells  
  88  6:56  Marine  
  88  6:57  Marauder  
  88  6:59  SCV  
  92  7:08  Marauder, Marine  
  94  7:10  SCV  
  94  7:11  SCV  
  97  7:18  Marauder, Marine  
  100  7:23  SCV  
  100  7:26  Marine  
  100  7:27  SCV  
  105  7:30  Marauder  
  105  7:36  Marine, SCV  
  97  7:37  Medivac x2, Siege Tank  
  97  7:39  Marauder  
  97  7:44  Marine  
  104  7:45  Supply Depot  
  107  7:51  Marauder  
  107  7:54  Command Center  
  107  7:57  Marine  
  108  8:02  Marauder, Marine  
  111  8:12  Barracks  
  113  8:13  Marauder  
  113  8:14  Medivac x2  
  113  8:15  Barracks  
  113  8:18  SCV x2  
  119  8:20  Factory Reactor  
  119  8:23  Marauder  
  119  8:25  Marine x2  
  123  8:30  SCV  
  123  8:33  Supply Depot  
  124  8:34  Supply Depot  
Tags
 
Add a new tag
Caveats
  • Supply blocks, unpowered buildings, or Contaminate may cause inaccurate times.
  • Supply counts are checked every 10 seconds.